 Dungeon Crawl Stone Soup version 0.20-a0-507-gc86f373 (webtiles) character file.

326 kidcy the Covered (level 6, 40/48 HPs)
             Began as a Formicid Fighter on Jan 21, 2017.
             Quit the game in a sewer.
             The game lasted 00:05:44 (2475 turns).

kidcy the Covered (Formicid Fighter)                Turns: 2475, Time: 00:05:45

Health: 40/48      AC: 15    Str: 20    XL:     6   Next: 78%
Magic:  6/6        EV:  4    Int:  8    God:
Gold:   195        SH:  9    Dex: 12    Spells: 5/5 levels left

rFire    . . .     SeeInvis +   a - +1 quarterstaff
rCold    . . .     Gourm    .   p - +0 plate armour
rNeg     . . .     Faith    .   c - +0 shield
rPois    .         Spirit   .   (helmet unavailable)
rElec    .         Reflect  .   (no cloak)
rCorr    .         Harm     .   (no gloves)
MR       .....                  q - +2 pair of boots
Stlth    ..........             (no amulet)
Regen    0.2/turn               (no ring)
                                (no ring)

@: no status effects
A: permanent stasis, dig shafts and tunnels, four strong arms, antennae 3
a: Dig, Shaft Self


You were in a sewer.
You were not hungry.

You visited 1 branch of the dungeon, and saw 3 of its levels.
You also visited: Sewer.

You collected 195 gold pieces.

Inventory:

Hand Weapons
 a - a +1 quarterstaff (weapon)
Armour
 b - a +0 scale mail
 c - a +0 shield (worn)
 p - a +0 plate armour (worn)
 q - a +2 pair of boots (worn)
Scrolls
 l - a scroll of identify
Potions
 d - 2 potions of might
 e - 3 potions of curing
 h - a potion of berserk rage {unknown}
 j - a potion of lignification {unknown}
 k - a potion of flight {unknown}
 m - a potion of heal wounds {unknown}
 n - a potion of brilliance {unknown}
Comestibles
 f - 2 bread rations
 g - 3 royal jellies
 i - a chunk of flesh
 o - a meat ration


   Skills:
 + Level 4.2 Fighting
 + Level 4.9 Staves
 * Level 5.0 Armour
 + Level 0.6 Dodging
 - Level 3.6 Shields


You had 5 spell levels left.
You didn't know any spells.

Dungeon Overview and Level Annotations

Branches:
Dungeon (3/15)

Altars:


Innate Abilities, Weirdness & Mutations

You cannot be hasted, slowed, berserked, paralysed or teleported.
You can dig through walls and to a lower floor.
Your four strong arms can wield two-handed weapons with a shield.
You have a pair of large antennae on your head. (SInv)


Message History

An adder is nearby!
An adder is nearby!
An adder is nearby!
An adder is nearby!
An adder is nearby!
The adder hisses angrily.
A ball python comes into view.
The ball python hisses angrily.
The ball python moves out of view.
You closely miss the adder. The adder bites you but does no damage.
A leopard gecko and an adder come into view.
Your plate armour prevents you from hitting the adder.
The adder hisses angrily.
The leopard gecko hisses angrily.
The adder bites you but does no damage. x2
There are monsters nearby!
There are monsters nearby!
There are monsters nearby!
Welcome back, kidcy the Formicid Fighter.
Press ? for a list of commands and other information.
Are you sure you want to abandon this character and quit the game? (Confirm with "yes".)

##≈≈≈
#≈≈l≈
#.≈≈
##≈≈#
{
#.S≈
#≈S#
{
##≈S#
#
#.≈@#
#
#≈.##
{ #
#≈.#
#
#≈≈#
#
#≈≈#
{ { #
#≈≈#
{ {#
#†≈#
{
#†.#
{
#..#


You could see 2 adders, a leopard gecko and a ball python.

Vanquished Creatures
  A centaur (D:3)
  An orc wizard (D:3)
  2 river rats (D:3)
  6 adders
  4 oozes (Sewer)
  2 worms
  A dart slug (D:1)
  8 leopard geckos
  8 orcs (D:3)
  5 bats
  13 giant cockroaches
  6 goblins
  8 hobgoblins
  7 jackals
  8 kobolds
  2 quokkas (D:2)
  6 ball pythons
  9 frilled lizards
  8 rats
105 creatures vanquished.

Notes
Turn   | Place    | Note
-------+----------+-------------------------------------------
     0 | D:1      | kidcy the Formicid Fighter began the quest for the Orb.
     0 | D:1      | Reached XP level 1. HP: 18/18 MP: 1/1
   322 | D:1      | Reached XP level 2. HP: 24/24 MP: 2/2
   479 | D:1      | Reached XP level 3. HP: 18/29 MP: 3/3
   901 | D:2      | Reached skill level 4 in Armour
  1154 | D:2      | Reached XP level 4. HP: 37/37 MP: 4/4
  1583 | D:3      | Reached XP level 5. HP: 26/42 MP: 5/5
  1698 | D:3      | Noticed a centaur
  1741 | D:3      | Killed a centaur
  1741 | D:3      | Reached XP level 6. HP: 36/48 MP: 6/6
  2022 | D:3      | Found a glowing drain.
  2037 | Sewer    | Entered a sewer
  2348 | Sewer    | Reached skill level 5 in Armour
  2475 | Sewer    | Quit the game

Vault maps used:
D:1:      dpeg_arrival_long_road, minmay_octomino_c4
D:2:      roderic_roman_lattice, serial_park_tiny_pond, minmay_lizard_king
D:3:      portal_sewer_entry_e
Sewer:    sewer_frog_island_02

Skill      XL: |  1  2  3  4  5  6 |
---------------+-------------------+-----
Armour         | 4 5 |  5.0
Staves         | 3 4 |  4.9
Fighting       | 4 |  4.2
Dodging        | |  0.6
Shields        | |  3.6

Action                   |  1- 3 |  4- 6 || total
-------------------------+-------+-------++-------
Melee: Quarterstaff      |   105 |   275 ||   380
  Use: Scroll            |     2 |     2 ||     4
       Potion            |       |     1 ||     1
  Eat: Chunk             |     1 |     5 ||     6
Armor: Scale mail        |    38 |       ||    38
       Plate armour      |    10 |   207 ||   217
Dodge: Dodged            |    34 |    46 ||    80
Block: Shield            |    58 |   174 ||   232
